 Dungeon Crawl Stone Soup version 0.20-a0-1058-g0491fde (webtiles) character file.

408 Gorglomux the Cleaver (level 6, -10/51 HPs)
             Began as a Hill Orc Monk on Apr 26, 2017.
             Was a Priest of Zin.
             Mangled by an ogre
             ... wielding a +0 giant spiked club
              (16 damage)
             ... on level 4 of the Dungeon.
             The game lasted 00:08:26 (4307 turns).

Gorglomux the Cleaver (Hill Orc Monk)               Turns: 4307, Time: 00:08:27

Health: -10/51     AC:  6    Str: 15    XL:     6   Next: 88%
Magic:  4/6        EV: 12    Int: 11    God:    Zin [***...]
Gold:   86         SH:  0    Dex: 16    Spells: 5/5 levels left

rFire    . . .     SeeInvis .   a - +0 hand axe
rCold    . . .     Gourm    .   (no shield)
rNeg     . . .     Faith    +   m - +0 leather armour
rPois    ∞         Spirit   .   (no helmet)
rElec    .         Reflect  .   l - +2 cloak
rCorr    .         Harm     .   (no gloves)
MR       .....                  (no boots)
Stlth    ++........             e - amulet of faith {Faith, !P}
Regen    0.2/turn               (no ring)
MPRegen  0.1/turn               (no ring)

@: vitalised
A: no striking features
a: Recite, Vitalisation, Imprison, Donate Gold, Renounce Religion


You were on level 4 of the Dungeon.
You worshipped Zin.
Zin was most pleased with you.
You were not hungry.

You visited 1 branch of the dungeon, and saw 4 of its levels.

You collected 127 gold pieces.
You donated 41 gold pieces to Zin.

Inventory:

Hand Weapons
 a - a +0 hand axe (weapon)
Armour
 b - a +0 robe
 l - a +2 cloak (worn)
   (You took it off Crazy Yiuf on level 2 of the Dungeon)
 m - a +0 leather armour (worn)
   (You found it on level 2 of the Dungeon)
 q - a +0 helmet
   (You took it off Robin on level 4 of the Dungeon)
Jewellery
 e - an amulet of faith (around neck) {Faith, !P}
   (You found it on level 1 of the Dungeon)
Wands
 r - a wand of iceblast (6/15)
   (You found it on level 3 of the Dungeon)
Scrolls
 d - a scroll of immolation {unknown}
 j - 3 scrolls of fear
 n - 2 scrolls of amnesia
 o - a scroll of identify {unknown}
 p - a scroll of blinking {unknown}
 s - a scroll of teleportation {unknown}
Potions
 g - a potion of berserk rage {unknown}
 h - a potion of mutation {unknown}
 k - a potion of lignification {!q}
Comestibles
 c - 3 bread rations {@e1@e1}
 f - a meat ration {@e2@e2}
 i - a royal jelly
 t - a chunk of flesh {@w0@w0}


   Skills:
 - Level 3.6 Fighting
 + Level 9.8 Axes
 - Level 2.4 Dodging
 - Level 1.5 Stealth


You had 5 spell levels left.
You didn't know any spells.

Dungeon Overview and Level Annotations

Branches:
Dungeon (4/15)
 Temple: D:4-7

Altars:
Fedhas
Ru
Zin


Message History

You closely miss the gnoll. The gnoll hits you with a whip.
You take 5 damage, and have 28/51 hp.
You hit the gnoll. "...all else who abandon harmony!
Let them..."
The gnoll is confused by your recitation. x2
The gnoll shouts!
You hear a shout!
The gnoll completely misses you.
You barely miss the gnoll. "...be struck down by the jurisprudence of Zin!"
You finish reciting Apostates 8:38.
You hear a shout!
The gnoll hits itself with a whip.
The gnoll closely misses the ogre.
You hit the gnoll.
You kill the gnoll!
The gnoll hits the gnoll with a spear.
The gnoll shaman hits you with a whip.
The gnoll hits the gnoll shaman with a spear.
Things that are here:
a whip; a gnoll corpse You take 3 damage, and have 25/51 hp.
You hit the gnoll shaman. The gnoll shaman closely misses you.
You hit the gnoll shaman but do no damage.
The gnoll shaman calls down the wrath of its god upon you.
You resist with some effort.
You hit the gnoll shaman.
The gnoll seems less confused.
The gnoll shaman barely misses you.
You hit the gnoll shaman. The gnoll closely misses you.
The gnoll shaman closely misses you.
You hit the gnoll shaman.
The gnoll hits you from afar with a spear.
The ogre is lost in a daze.
You take 5 damage, and have 20/51 hp.
You hit the gnoll shaman but do no damage.
The gnoll shaman closely misses you. The gnoll hits you but does no damage.
You barely miss the gnoll shaman.
The gnoll shaman calls upon its god to heal the gnoll.
The gnoll's wounds heal themselves!
The gnoll closely misses you.
You hit the gnoll shaman.
You kill the gnoll shaman!
The ogre is no longer dazed.
Found a stone staircase leading down.
You are ready to recite again.
The gnoll hits you from afar with a spear.
You take 4 damage, and have 19/51 hp.
The dart slug launches a dart at you. The slug dart hits you!
Things that are here:
a club; a goblin corpse x2
Items here: )))) [ † a dagger; a club; a flail; a whip; a ring mail; a goblin corpse You hear the slow rusting of a very distant drain.
There is an open door here.
You clear your throat and prepare to recite. "It was then that Zin bade them..."
The gnoll is smitten by the wrath of Zin.
The gnoll shouts!
The gnoll hits you but does no damage.
The ogre hits you with a giant spiked club!
* * * LOW HITPOINT WARNING * * *
You take 14 damage, and have 7/51 hp.
MASSIVE DAMAGE!! "...not to stray from faithfulness, lest..." "...they become as damned as the unbelievers."
The gnoll is smitten by the wrath of Zin.
You kill the gnoll!
You finish reciting Ablutions 18:4.
There is a stone staircase leading up here.
You are ready to recite again.
The gnoll hits you but does no damage. Zin grants you divine stamina.
The gnoll hits you but does no damage.
You now have 4/6 mp.
You hit the gnoll.
You kill the gnoll!
You hit the ogre but do no damage. The ogre misses you.
You hit the ogre. You hit the ogre but do no damage.
You hit the dart slug but do no damage.
The ogre hits you with a giant spiked club!
* * * LOW HITPOINT WARNING * * *
You take 9 damage, and have 6/51 hp.
Unknown command.
You slash the ogre! You hit the dart slug.
You hear the slow rusting of a very distant drain.
The dart slug closely misses you.
The ogre hits you with a giant spiked club!
Zin protects you from harm!
It was a potion of lignification.
Zin protects your body from unnatural transformation!
You feel woody for a moment. The dart slug barely misses you.
You hit the ogre. You hit the dart slug but do no damage.
The ogre barely misses you.
Unknown command.
You hit the ogre but do no damage. You completely miss the dart slug.
The dart slug bites you but does no damage.
Unknown command.
You hit the ogre. You hit the dart slug. The ogre barely misses you.
You hit the ogre. You barely miss the dart slug. The dart slug bites you.
* * * LOW HITPOINT WARNING * * *
The ogre hits you with a giant spiked club!
You die...

#.# #
#g# #.#
#.#####
#.....#
#####.##
#..<...#
#O#....#
#@#.O..#
#w###.##
#.# #.#
#.# #.#
#.###.#
#.....#
#######


You could see an ogre and a dart slug.

Vanquished Creatures
  Crazy Yiuf (D:2)
  An orc priest (D:4)
  A gnoll shaman (D:4)
  3 orc wizards
  A worker ant (D:4)
  Robin (D:4)
  3 gnolls (D:4)
  8 adders
  2 oozes
  A worm (D:2)
  A dart slug (D:3)
  4 leopard geckos
  5 orcs
  A giant cockroach (D:3)
  19 goblins
  12 hobgoblins
  7 kobolds
  A ball python (D:3)
  10 bats
  7 frilled lizards
  6 rats
95 creatures vanquished.

Notes
Turn   | Place    | Note
-------+----------+-------------------------------------------
     0 | D:1      | Gorglomux the Hill Orc Monk began the quest for the Orb.
     0 | D:1      | Reached XP level 1. HP: 19/19 MP: 1/1
   161 | D:1      | Reached XP level 2. HP: 26/26 MP: 2/2
   222 | D:1      | Reached skill level 5 in Axes
   661 | D:1      | HP: 6/26 [adder (3)]
   663 | D:1      | Reached XP level 3. HP: 7/31 MP: 3/3
   668 | D:1      | HP: 5/31 [poisoned by an adder]
   675 | D:1      | HP: 3/31 [poisoned by an adder]
   683 | D:1      | HP: 2/31 [poisoned by an adder]
  1364 | D:2      | Reached skill level 6 in Axes
  1565 | D:2      | Found a runed door.
  1600 | D:2      | Found a blossoming altar of Fedhas.
  1618 | D:2      | Found a sacrificial altar of Ru.
  1625 | D:2      | Reached XP level 4. HP: 34/39 MP: 4/4
  1679 | D:2      | Reached skill level 7 in Axes
  1947 | D:2      | Found a glowing silver altar of Zin.
  2096 | D:2      | Became a worshipper of Zin the Law-Giver
  2096 | D:2      | Reached * piety under Zin
  2096 | D:2      | Reached ** piety under Zin
  2097 | D:2      | Donated 29 gold pieces to Zin
  2262 | D:2      | Noticed Crazy Yiuf
  2271 | D:2      | Killed Crazy Yiuf
  2271 | D:2      | Reached XP level 5. HP: 21/45 MP: 5/5
  3131 | D:3      | Reached skill level 8 in Axes
  3599 | D:3      | Reached XP level 6. HP: 47/51 MP: 6/6
  4118 | D:4      | Reached skill level 9 in Axes
  4143 | D:4      | Noticed Robin
  4163 | D:4      | Killed Robin
  4178 | D:4      | Reached *** piety under Zin
  4253 | D:4      | HP: 7/51 [ogre/giant spiked club (14)]
  4301 | D:4      | HP: 6/51 [ogre/giant spiked club (9)]
  4302 | D:4      | Zin protects you from harm!
  4307 | D:4      | HP: 6/51 [dart slug (1)]
  4307 | D:4      | Mangled by an ogre

Vault maps used:
D:1:      matt_arrival_spirals
D:2:      nicolae_ru_great_annihilating_truth, zin_scriptorium,
          nicolae_overflow_crystal_walls, first_bread, uniq_crazy_yiuf_cottage
D:4:      makhleb_heckhound_becter, serial_shops, nicolae_shop_crystal,
          gup_sewer_entry_bowl, uniq_robin

Skill      XL: |  1  2  3  4  5  6 |
---------------+-------------------+-----
Axes           | 5 6 7 8 9 |  9.8
Fighting       | |  3.6
Dodging        | |  2.4
Stealth        | |  1.5

Action                   |  1- 3 |  4- 6 || total
-------------------------+-------+-------++-------
Melee: Hand axe          |   105 |   213 ||   318
Invok: Recite            |       |     6 ||     6
       Donate Gold       |       |     1 ||     1
       Vitalisation      |       |     1 ||     1
  Use: Scroll            |     1 |     1 ||     2
       Potion            |       |     1 ||     1
 Stab: Sleeping          |     6 |     5 ||    11
       Invisible         |       |     1 ||     1
       Paralysed         |       |     1 ||     1
  Eat: Chunk             |     2 |     9 ||    11
Armor: Robe              |    17 |    13 ||    30
       Leather armour    |       |    56 ||    56
Dodge: Dodged            |    64 |   139 ||   203

Vault maps used:
D:1:      matt_arrival_spirals
D:2:      nicolae_ru_great_annihilating_truth, zin_scriptorium,
          nicolae_overflow_crystal_walls, first_bread, uniq_crazy_yiuf_cottage
D:4:      makhleb_heckhound_becter, serial_shops, nicolae_shop_crystal,
          gup_sewer_entry_bowl, uniq_robin

Table legend:
 A = Turns spent in this place as a percentage of turns spent in the entire game.
 B = Non-inter-level travel turns spent in this place as a percentage of non-inter-level travel turns spent in the entire game.
 C = Inter-level travel turns spent in this place as a percentage of turns spent in this place.
 D = Turns resting spent in this place as a percentage of non-inter-level travel turns spent in this place.
 E = Turns spent auto-exploring this place as a percentage of non-inter-level travel turns spent in this place.
 F = Non-inter-level travel turns spent in this place divided by the number of levels of this place that you've seen.
                   A       B       C       D       E      F
               +-------+-------+-------+-------+-------+----------------------
         Total | 100.0 | 100.0 |   0.8 |   1.5 |   8.0 | 294.8
       Dungeon | 100.0 | 100.0 |   0.8 |   1.5 |   8.0 | 294.8
               +-------+-------+-------+-------+-------+----------------------

Table legend:
 A = Kills in this place as a percentage of kills in entire the game.
 B = Kills by you in this place as a percentage of kills by you in the entire game.
 C = Kills by friends in this place as a percentage of kills by friends in the entire game.
 D = Other kills in this place as a percentage of other kills in the entire game.
 E = Experience gained in this place as a percentage of experience gained in the entire game.
 F = Experience gained in this place divided by the number of levels of this place that you have seen.
                   A       B       C       D       E      F
               +-------+-------+-------+-------+-------+----------------------
         Total | 100.0 | 100.0 |  -nan |  -nan | 100.0 | 146.0
       Dungeon | 100.0 | 100.0 |  -nan |  -nan | 100.0 | 146.0
               +-------+-------+-------+-------+-------+----------------------
